 Dungeon Crawl Stone Soup version 0.30-a0-279-g4b46babb21 (webtiles) character file.

Game seed: 7041343411322064799

787903 Flugkiller the Cloud Mage (level 27, -4/195 HPs)
             Began as an Octopode Delver on Oct 16, 2022.
             Was the Champion of Wu Jian.
             Killed from afar by a starcursed mass (8 damage)
             ... with an accursed screaming
             ... on level 4 of the Abyss.
             The game lasted 01:48:16 (54003 turns).

Flugkiller the Cloud Mage (Octopode Delver)        Turns: 54003, Time: 01:48:17

Health: -4/195     AC:  5    Str: 16    XL:     27
Magic:  21/41      EV: 43    Int: 39    God:    Wu Jian [******]
Gold:   8137       SH:  0    Dex: 27    Spells: 10/54 levels left

rFire   + . .      SeeInvis +      - Unarmed
rCold   + . .      Faith    .    (shield currently unavailable)
rNeg    + . .      Spirit   .    (helmet currently unavailable)
rPois   ∞          Reflect  .    g - amulet of regeneration
rElec   +          Harm     .    K - +6 ring of intelligence
rCorr   .          Rampage  .    O - ring "Yras" {rPois Int+6 Dex+4}
Will    ++...                    p - ring of protection from cold
Stlth   ++++......               F - +6 ring of intelligence
HPRegen 1.32/turn                y - +4 ring of slaying
MPRegen 0.27/turn                E - ring "Otexogod" {Str-4 Dex+6 Slay+4}
                                 X - ring of Entrepreneurial Spirit {rF+ rN+ Int+5}
                                 j - +4 ring of slaying

@: exhausted, storm-form, corroded, flying, studying 2 skills, unable to read,
unable to drink
A: cleaving, insubstantial, flying, almost no armour, amphibious, 8 rings,
(camouflage 1), (gelatinous body 1), (nimble swimmer 1), (tentacles), (large
bone plates 1), see invisible, (cold resistance 1), strong 1, (teleportitis 1),
inability to drink after injury 1, inability to read after injury 1
}: 9/15 runes: serpentine, barnacled, slimy, silver, demonic, glowing, magical,
fiery, dark
a: Blinkbolt, End Transformation, Renounce Religion, Wall Jump, Serpent's Lash,
Heavenly Storm


You were on level 4 of the Abyss.
You worshipped Wu Jian.
Wu Jian was exalted by your worship.
You were a lightning-filled tempest!
You visited 11 branches of the dungeon, and saw 49 of its levels.
You visited Pandemonium 3 times, and saw 18 of its levels.
You visited the Abyss 3 times.
You also visited: Sewer, Gauntlet, Ice Cave and Wizlab.

You collected 11801 gold pieces.
You spent 3664 gold pieces at shops.

Inventory:

Hand Weapons
 c - the +0 spear of the Egg {speed, Int+5}
   (You found it in Pandemonium)

   Attacks with this weapon are significantly faster.
   Int:       It affects your intelligence (+5).
Missiles
 L - 6 throwing nets (quivered)
Armour
 v - the +2 hat of the Villain (melded) {rC+ Str+4}
   (You bought it in a shop on level 1 of the Vaults)

   Str:       It affects your strength (+4).
   rC:        It protects you from cold.
Jewellery
 g - an amulet of regeneration (around neck)
   (You found it in a Gauntlet)
 j - a +4 ring of slaying (on tentacle)
   (You found it on level 2 of the Elven Halls)
 p - a ring of protection from cold (on tentacle)
   (You bought it in a shop on level 2 of the Orcish Mines)
 u - a +6 ring of dexterity
   (You found it on level 1 of the Dungeon)
 y - a +4 ring of slaying (on tentacle)
   (You found it on level 3 of the Depths)
 E - the ring "Otexogod" (on tentacle) {Str-4 Dex+6 Slay+4}
   (You bought it in a shop on level 2 of the Vaults)

   [ring of slaying]

   Str:       It affects your strength (-4).
   Dex:       It affects your dexterity (+6).
   Slay:      It affects your accuracy & damage with ranged weapons and melee
   (+4).
 F - a +6 ring of intelligence (on tentacle)
   (You took it off a centaur warrior on level 15 of the Dungeon)
 K - a +6 ring of intelligence (left tentacle)
   (You found it on level 2 of the Snake Pit)
 O - the ring "Yras" (right tentacle) {rPois Int+6 Dex+4}
   (You took it off a deep elf pyromancer on level 3 of the Elven Halls)

   [ring of intelligence]

   Int:       It affects your intelligence (+6).
   Dex:       It affects your dexterity (+4).
   rPois:     It protects you from poison.
 X - the ring of Entrepreneurial Spirit (on tentacle) {rF+ rN+ Int+5}
   (You took it off a balrug in Pandemonium)

   [ring of protection from fire]

   Int:       It affects your intelligence (+5).
   rF:        It protects you from fire.
   rN:        It protects you from negative energy.
Wands
 a - a wand of iceblast (42)
   (You found it in an ice cave)
 f - a wand of digging (4)
 r - a wand of mindburst (11)
   (You found it on level 4 of the Vaults)
 J - a wand of light (14)
   (You found it on level 2 of the Elven Halls)
 T - a wand of paralysis (13)
   (You found it on level 4 of the Lair of Beasts)
Scrolls
 b - a scroll of fog
 o - 3 scrolls of magic mapping
 t - 19 scrolls of teleportation
 z - 6 scrolls of blinking
 B - 7 scrolls of fear
 G - 8 scrolls of vulnerability
 N - 3 scrolls of immolation
 P - 6 scrolls of summoning
 V - 6 scrolls of butterflies
Potions
 d - 7 potions of might
 e - 9 potions of brilliance
 h - 10 potions of haste
 l - 5 potions of magic
 n - 11 potions of resistance
 q - 33 potions of curing
 w - 2 potions of heal wounds
 A - 3 potions of invisibility
 I - 4 potions of cancellation
 Q - 3 potions of ambrosia
Miscellaneous
 i - the horn of Geryon
   (You took it off Geryon in the Vestibule of Hell)
 s - a box of beasts
   (You found it on level 5 of the Vaults)
 H - a tin of tremorstones (2/2)
   (You found it on level 1 of the Elven Halls)
 M - a phantom mirror
   (You found it on level 5 of the Vaults)
 R - a phial of floods
   (You found it on level 3 of the Snake Pit)
 W - a condenser vane
   (You found it on level 1 of the Elven Halls)


   Skills:
 - Level 18.0 Fighting
 - Level 10.0 Short Blades
 - Level 19.3 Dodging
 - Level 6.6 Stealth
 - Level 20.0 Unarmed Combat
 - Level 14.0 Spellcasting
 + Level 18.0 Conjurations
 - Level 6.8 Hexes
 - Level 17.0 Transmutations
 - Level 6.9 Ice Magic
 - Level 24.0 Air Magic


You had 10 spell levels left.
You knew the following spells:

 Your Spells              Type           Power      Damage    Failure   Level
a - Ensorcelled Hibernat  Hex/Ice        100%       N/A       1%          2
b - Storm Form            Tmut/Air       56%        N/A       1%          7
c - Yara's Violent Unrav  Hex/Tmut       44%        3d17      1%          5
d - Vhi's Electric Charg  Tloc/Air       100%       N/A       1%          3
e - Maxwell's Capacitive  Air            60%        ∞         1%          8
f - Chain Lightning       Conj/Air       56%        3d75      22%         9
i - Irradiate             Conj/Tmut      52%        3d29      1%          5
r - Blink                 Tloc           54%        N/A       1%          2
w - Swiftness             Air            100%       N/A       0%          3

Your spell library contained the following spells:

 Spells                   Type           Power      Damage    Failure   Level
 Beastly Appendage        Tmut           100%       N/A       0%          1
 Poisonous Vapours        Pois/Air       100%       N/A       0%          2
 Static Discharge         Conj/Air       100%       2-7/arc   0%          2
 Wereblood                Tmut           100%       N/A       0%          2
 Mephitic Cloud           Conj/Pois/Air  94%        N/A       0%          3
 Arcjolt                  Conj/Air       56%        1d66      0%          5
 Lightning Bolt           Conj/Air       56%        1d78      0%          5
 Apportation              Tloc           54%        N/A       1%          1
 Kiss of Death            Conj/Necr      100%       2d13      1%          1
 Necrotise                Necr           100%       1d9       1%          1
 Slow                     Hex            100%       N/A       1%          1
 Summon Small Mammal      Summ           100%       N/A       1%          1
 Cigotuvi's Dreadful Rot  Necr/Pois/Air  100%       N/A       1%          2
 Passwall                 Tmut/Erth      63%        N/A       1%          2
 Scorch                   Fire           54%        2d8       1%          2
 Sublimation of Blood     Necr           27%        N/A       1%          2
 Confusing Touch          Hex            69%        N/A       1%          3
 Dazzling Flash           Conj/Hex       100%       N/A       1%          3
 Ignite Poison            Fire/Tmut/Pois 64%        N/A       1%          3
 Inner Flame              Hex/Fire       52%        N/A       1%          3
 Kindle Blastsparks       Fire/Tloc/Air  100%       2d18      1%          3
 Ozocubu's Armour         Ice            69%        N/A       1%          3
 Portal Projectile        Hex/Tloc       100%       N/A       1%          3
 Spider Form              Tmut/Pois      76%        N/A       1%          3
 Stone Arrow              Conj/Erth      100%       3d13      1%          3
 Summon Guardian Golem    Hex/Summ       52%        N/A       1%          3
 Tukima's Dance           Hex            69%        N/A       1%          3
 Cause Fear               Hex            34%        N/A       1%          4
 Flame Wave               Conj/Fire      78%        2d17      1%          4
 Ice Form                 Ice/Tmut       88%        N/A       1%          4
 Sticky Flame             Conj/Fire      78%        2d9       1%          4
 Summon Lightning Spire   Summ/Air       88%        N/A       1%          4
 Alistair's Intoxication  Tmut/Pois      50%        N/A       1%          5
 Blade Hands              Tmut           51%        N/A       1%          5
 Fireball                 Conj/Fire      39%        3d16      1%          5
 Freezing Cloud           Conj/Ice/Air   50%        6-21      1%          5
 Iskenderun's Battlesphe  Conj           100%       2d15      1%          5
 Silence                  Hex/Air        49%        N/A       1%          5
 Conjure Ball Lightning   Conj/Air       56%        3x3d20    1%          6
 Dragon Form              Tmut           51%        N/A       1%          7
 Orb of Destruction       Conj           53%        9d13      1%          7
 Call Canine Familiar     Summ           27%        N/A       3%          3
 Gell's Gravitas          Tloc           27%        N/A       3%          3
 Teleport Other           Tloc           27%        N/A       3%          3
 Vampiric Draining        Necr           27%        2d7       3%          3
 Anguish                  Hex/Necr       26%        N/A       3%          4
 Leda's Liquefaction      Hex/Erth       26%        N/A       3%          4
 Iron Shot                Conj/Erth      39%        9d8       4%          6
 Starburst                Conj/Fire      39%        6d11      4%          6
 Eringya's Noxious Bog    Tmut/Pois      38%        N/A       6%          6
 Statue Form              Tmut/Erth      50%        N/A       6%          6
 Animate Dead             Necr           27%        N/A       12%         4
 Dispel Undead            Necr           27%        3d13      12%         4
 Manifold Assault         Tloc           27%        N/A       12%         4
 Olgreb's Toxic Radiance  Pois           27%        N/A       12%         4
 Passage of Golubria      Tloc           27%        N/A       12%         4
 Spellforged Servitor     Conj/Summ      39%        N/A       26%         7
 Agony                    Necr           27%        N/A       34%         5
 Borgnjor's Vile Clutch   Necr/Erth      13%        N/A       34%         5
 Lee's Rapid Deconstruct  Erth           13%        3d10*     34%         5
 Simulacrum               Ice/Necr       26%        N/A       43%         6
 Ozocubu's Refrigeration  Ice            34%        4d15      52%         7
 Death Channel            Necr           13%        N/A       88%         6
 Dispersal                Tloc           13%        N/A       88%         6
 Summon Cactus Giant      Summ           13%        N/A       88%         6
 Lehudib's Crystal Spear  Conj/Erth      39%        10d10     90%         8
 Necromutation            Tmut/Necr      38%        N/A       94%         8
 Discord                  Hex            34%        N/A       99%         8
 Summon Hydra             Summ           13%        N/A       100%        7
 Borgnjor's Revivificati  Necr           13%        N/A       100%        8
 Disjunction              Tloc           13%        N/A       100%        8
 Ignition                 Fire           13%        3d6       100%        8
 Summon Horrible Things   Summ           13%        N/A       100%        8
 Death's Door             Necr           13%        N/A       100%        9
 Dragon's Call            Summ           13%        N/A       100%        9
 Fire Storm               Conj/Fire      39%        8d10      100%        9
 Polar Vortex             Ice            34%        N/A       100%        9
 Animate Armour           Summ/Erth      Unusable   N/A       N/A         4

Dungeon Overview and Level Annotations

Branches:
Dungeon (15/15) Zot: 25179  Temple (1/1) D:5 Zot: 5713    Lair (5/5) D:11 Zot: 24108
 Shoals (4/4) Lair:3 Zot: 21257   Snake (4/4) Lair:3 Zot: 19818   Slime (5/5) Lair:5 Zot: 25775
    Orc (2/2) D:12 Zot: 10183     Elf (3/3) Orc:2 Zot: 15304  Vaults (5/5) D:14 Zot: 24120
  Crypt (0/3) Vaults:3     Depths (4/4) D:15 Zot: 19680    Hell (visited)
    Dis (0/7) Hell            Geh (0/7) Hell            Coc (0/7) Hell
    Tar (0/7) Hell            Zot (0/5) Depths:4      Sewer (visited)
  IceCv (visited)          WizLab (visited)         Gauntlet (visited)

Altars:
Ashenzari
Cheibriados
Dithmenos
Elyvilon
Fedhas
Gozag
Hepliaklqana
Kikubaaqudgha
Makhleb
Nemelex Xobeh
Okawaru
Qazlal
Ru
Sif Muna
Trog
Uskayaw
Vehumet
Wu Jian
Xom
Yredelemnul
Zin
The Shining One
Jiyva
Lugonu

Shops:
D:4 (   D:10 ?   D:12 :   D:14 *   Orc:2 [*(=:   Elf:1 !((??   Elf:3 ?
Shoals:3 !*   Snake:1 *(   Snake:3 :=:   Snake:4 (   Vaults:1 [   Vaults:2 ((*
Depths:2 (

Portals:
Hell: Depths:1 Depths:2 Depths:3 Depths:4
Abyss: Depths:2 Depths:3
Pandemonium: Depths:2 Depths:4
Ziggurat: Depths:3

Annotations:
Shoals:2 Ilsuiw
Elf:2 3 runed translucent doors


Innate Abilities, Weirdness & Mutations

You are a lightning-filled tempest!
Your electrical attacks strike out in all directions at once.
You are incredibly evasive.
Your insubstantial body is immune to petrification, constriction, and being set on fire You are flying.
You are immune to poison.
Your armour is entirely melded.
You are incapable of wielding weapons or throwing items.
You cannot wear most types of armour.
You are amphibious.
You can wear up to eight rings at the same time.
((Your skin changes colour to match your surroundings (Stealth+).))
((Your rubbery body absorbs attacks. (AC +1, EV +1)))
((You are camouflaged when in or above water. (Stealth+)))
((You have tentacles for arms and can constrict up to eight enemies at once.))
((You are partially covered in large bone plates. (SH +4)))
You have supernaturally acute eyesight. (SInv)
((Your flesh is cold resistant. (rC+)))
Your muscles are strong. (Str +4, Int/Dex -1)
((You are occasionally teleported next to monsters.))
You occasionally lose the ability to drink potions when taking damage.
You occasionally lose the ability to read scrolls when taking damage.


Message History

The Council accepts your kill.
You blast the starcursed mass!!!
You destroy the starcursed mass!
The Council accepts your kill.
You batter the starcursed mass!!
Lightning courses through the starcursed mass!
You destroy the starcursed mass!
The Council accepts your kill.
You blast the wretched star!!!
You punch the wretched star!
You destroy the wretched star!
The Council accepts your kill.
You hit the great orb of eyes. A chorus of shrieks assaults your mind.
* * * LOW HITPOINT WARNING * * *
The oklob plant spits acid at you. The splash of acid hits you!
* * * LOW HITPOINT WARNING * * *
The great orb of eyes barely misses you.
You blast the great orb of eyes!!!
You kill the great orb of eyes!
The Council accepts your kill.
You hit the starcursed mass.
The starcursed mass is heavily damaged.
The starcursed mass shudders and is absorbed by its neighbour.
A chorus of shrieks assaults your mind.
* * * LOW HITPOINT WARNING * * *
The oklob plant spits acid at you. The splash of acid misses you.
The oklob plant spits acid at you. The splash of acid misses you.
You blast the starcursed mass!!!
Lightning courses through the starcursed mass!!
You destroy the starcursed mass!
The Council accepts your kill.
The starcursed mass shrieks in your mind.
* * * LOW HITPOINT WARNING * * *
You batter the jelly!!
You kill the jelly!
The Council accepts your kill. The oklob plant spits acid at you.
The splash of acid misses you. The oklob plant spits acid at you.
The splash of acid misses you.
You feel much better.
The starcursed mass shrieks in your mind.
* * * LOW HITPOINT WARNING * * *
The oklob plant spits acid at you. The splash of acid hits you.
* * * LOW HITPOINT WARNING * * *
A chorus of shrieks assaults your mind.
* * * LOW HITPOINT WARNING * * *
The oklob plant spits acid at you. The splash of acid hits you!
* * * LOW HITPOINT WARNING * * *
The acid corrodes you! The oklob plant spits acid at you.
The splash of acid hits you!!
* * * LOW HITPOINT WARNING * * *
The acid corrodes you!
You feel much better.
A starcursed mass splits.
The oklob plant spits acid at you. The splash of acid hits you!!
You feel threatened and lose the ability to read scrolls!
You feel threatened and lose the ability to drink potions!
* * * LOW HITPOINT WARNING * * *
The acid corrodes you!
Your muscles tense, ready for explosive movement...
You spin and attack the oklob plant repeatedly, with incredible momentum.
You blast the oklob plant!!!
Lightning courses through the oklob plant!
You destroy the oklob plant!
The Council accepts your kill.
You spin and attack the starcursed mass repeatedly, with incredible momentum.
You batter the starcursed mass!!
You destroy the starcursed mass!
The Council accepts your kill.
Your supernatural speed expires.
You cannot read scrolls in your current state!
Unknown command.
You cannot drink potions in your current state!
Unknown command.
Unknown command.
Unknown command.
A starcursed mass splits.
Unknown command.
Unknown command.
The starflower fires a harpoon shot at you.
The harpoon shot hits you!!
* * * LOW HITPOINT WARNING * * *
You are yanked forward by the harpoon shot.
The oklob plant spits acid at you. The splash of acid misses you.
There is a gateway leading out of the Abyss here.
You batter the starflower!!
You destroy the starflower!
The Council accepts your kill.
Your Conjurations skill increases to level 18!
Unknown command.
A chorus of shrieks assaults your mind.
You die...

## ....# .
#...∩.P# #♣♣ .
.. ..⌠⌠.⌠ .
§.⌠''#########
#⌠'X#.#♣#.#_#
♣[##X......## .
#P.⌠.♣.#.P# . #♣
##..#.#♣.## ..
♣.#♣...v∩..♣#
#...#..#
⌠##.♣#.#..## .
..#..#..#.♣.⌠..#
... .#
##.°°...∩## .
....
.#_#.#♣#P#⌠+ . .
...#########++
... .... . .. .⌠
♣


You could see 2 starcursed masses and 3 oklob plants.

Vanquished Creatures
  Cerebov (Pan)
  the Royal Jelly (Slime:5)
  Gloorx Vloq (Pan)
  Lom Lobon (Pan)
  Mnoleg (Pan)
  Mennas (Depths:3)
  7 pandemonium lords (Pan)
  A juggernaut (Depths:3)
  Boris (Vaults:5)
  Margery (Vaults:2)
  Saint Roka (Orc:2)
  Geryon (Hell)
  2 golden dragons
  A mutant beast (WizLab)
  A Tzitzimitl (Pan)
  8 Brimstone Fiends (Pan)
  4 tentacled monstrosities
  Zenata (Vaults:4)
  7 Hell Sentinels (Pan)
  3 Ice Fiends (Pan)
  10 liches
  2 deep elf blademasters (Elf:3)
  4 quicksilver dragons
  A walking divine tome (Depths:3)
  5 titans
  22 Executioners (Pan)
  14 acid blobs
  8 sphinxes
  2 ancient champions (Hell)
  7 tentacled starspawn (Abyss:4)
  2 deep elf master archers (Elf:3)
  6 tengu reavers
  7 shadow dragons
  9 nagarajas
  7 azure jellies
  5 storm dragons
  Donald (Snake:2)
  4 demonspawn warmongers (Pan)
  5 deep elf sorcerers
  8 rockslimes
  6 fire giants
  13 frost giants
  A draconian scorcher (Depths:4)
  16 cacodemons
  19 vault wardens
  Aizul (Snake:3)
  4 iron dragons
  A draconian shifter (Depths:4)
  17 balrugs
  5 ghost moths (Pan)
  19 ironbound preservers
  A spriggan defender (Depths:3)
  2 curse skulls (Pan)
  3 draconian annihilators (Pan)
  6 demonspawn corrupters (Pan)
  2 deep elf elementalists (Elf:3)
  9 quicksilver oozes
  4 vampire knights
  A war gargoyle (Vaults:5)
  2 demonspawn blood saints (Pan)
  30 very ugly things
  3 ironbound thunderhulks
  13 stone giants
  14 starcursed masses
  A green draconian (Depths:4)
  2 starflowers (Abyss:4)
  Nessos (D:15)
  8 deep elf demonologists (Elf:3)
  10 demonspawn black suns (Pan)
  9 reapers
  9 dire elephants
  A minotaur (Gauntlet)
  A purple draconian (Depths:4)
  A red draconian (Depths:4)
  A spark wasp (Depths:3)
  9 lorocyprocas (Pan)
  7 deep elf annihilators
  A bunyip (Abyss:2)
  2 white draconians (Depths:4)
  26 blizzard demons (Pan)
  2 crystal guardians
  7 ettins
  16 green deaths
  An eidolon (Abyss:4)
  5 deep elf death magi (Elf:3)
  2 merfolk javelineers (Shoals:4)
  9 fire dragons
  4 merfolk impalers
  A kraken zombie (Hell)
  An entropy weaver (Vaults:2)
  18 yaktaur captains
  8 ice dragons
  10 great orbs of eyes
  Harold (D:10)
  4 spriggan air magi
  27 vault guards
  4 deep elf high priests
  A salamander tyrant (Snake:4)
  An elf skeleton (Hell)
  2 juggernaut simulacra (Pan)
  10 rakshasas
  3 hell beasts
  A hydra (D:14)
  A spriggan skeleton (Pan)
  3 peacekeepers
  9 ironbound frosthearts
  9 merfolk aquamancers
  A death knight (D:15)
  3 ogre magi
  7 anacondas
  A boulder beetle (shapeshifter) (WizLab)
  3 catoblepae
  14 dancing weapons
  9 two-headed ogres
  3 vampire magi
  A satyr (shapeshifter) (Vaults:5)
  18 centaur warriors
  6 deep troll shamans
  A boulder beetle (D:14)
  7 death yaks
  A satyr (Shoals:3)
  8 tengu warriors
  18 naga warriors
  5 spriggan berserkers
  10 thrashing horrors (Abyss:4)
  A deep troll earth mage (Vaults:5)
  18 soul eaters
  Urug (Orc:1)
  4 orc high priests
  6 shock serpents
  8 hell hogs (Hell)
  14 naga sharpshooters
  7 wretched stars
  70 sun demons
  13 skeletal warriors
  11 hell knights
  4 salamander mystics
  8 shadow wraiths
  16 deep elf knights
  14 sixfirhies (Pan)
  A fire crab (shapeshifter) (WizLab)
  2 iron trolls (Depths:2)
  8 glowing orange brains
  11 shadow demons (Pan)
  56 deep trolls
  4 naga ritualists
  3 sea snakes
  An orb spider (Abyss:2)
  3 flayed ghosts
  An orb spider (shapeshifter) (WizLab)
  27 harpies
  13 deep elf archers
  6 wizards
  19 ironbound convokers
  2 anaconda skeletons (Hell)
  A bunyip skeleton (Pan)
  9 phantasmal warriors
  6 lindwurms
  5 necromancers
  3 orc knights
  35 deep elf pyromancers
  39 ugly things
  A wolf spider (Vaults:5)
  8 fauns (Shoals:3)
  24 deep elf zephyrmancers
  A salamander (shapeshifter) (WizLab)
  8 shining eyes
  12 mana vipers
  16 salamanders
  A moth of wrath (shapeshifter) (Vaults:5)
  2 orc sorcerers
  2 will-o-the-wisps (Abyss:4)
  15 manticores
  5 merfolk sirens
  An iron dragon skeleton (Pan)
  A cyclops (shapeshifter) (WizLab)
  5 oklob plants
  6 cyclopes
  A centaur zombie (Hell)
  3 worldbinders
  21 vault sentinels
  8 elephants
  5 rust devils
  5 water nymphs
  20 orange demons
  25 naga magi
  42 smoke demons
  Joseph (D:13)
  A centaur skeleton (Pan)
  4 guardian serpents
  5 eyes of devastation
  2 gargoyles
  6 cane toads
  A cane toad (shapeshifter) (WizLab)
  39 black mambas
  A torpor snail (Lair:5)
  An unseen horror (shapeshifter) (WizLab)
  2 dire elephant skeletons
  3 hellions (Pan)
  5 kobold demonologists
  A rime drake (shapeshifter) (WizLab)
  5 ice statues (Pan)
  3 efreet (Pan)
  A sea snake zombie (Hell)
  14 ice devils
  7 rime drakes
  10 demonic crawlers
  29 yaktaurs
  12 hellwings
  2 unseen horrors
  An anaconda simulacrum (Hell)
  7 komodo dragons
  A yaktaur (shapeshifter) (WizLab)
  3 ancient zymes (Abyss:4)
  2 tengu conjurers
  A harpy zombie (Hell)
  A freezing wraith (Vaults:5)
  A queen bee (shapeshifter) (WizLab)
  5 red devils
  3 hydra zombies (Hell)
  5 polar bears
  6 meliai
  10 merfolk
  9 trolls
  A hydra skeleton (Pan)
  2 wind drakes
  3 wind drakes (shapeshifter)
  An alligator zombie (Hell)
  2 harpy skeletons
  6 snapping turtles
  A tarantella (shapeshifter) (WizLab)
  78 slime creatures
  2 raiju (shapeshifter) (WizLab)
  A hornet (Depths:4)
  23 blink frogs
  A snapping turtle (shapeshifter) (Depths:3)
  3 dream sheep (Lair:5)
  6 raiju
  33 large abominations
  A culicivora (shapeshifter) (WizLab)
  2 flying skulls
  An ettin skeleton (Pan)
  3 spriggans (shapeshifter) (WizLab)
  A spriggan (Depths:4)
  A centaur simulacrum (D:15)
  17 ynoxinuls
  19 water elementals
  5 air elementals
  4 shadows
  A vampire (D:12)
  4 wyverns
  A fire bat (shapeshifter) (WizLab)
  6 wraiths
  A fire elemental (Elf:2)
  32 yaks
  16 neqoxecs
  A death yak simulacrum (IceCv)
  6 golden eyes (Slime:1)
  A human (shapeshifter) (WizLab)
  3 basilisks
  4 steam dragons
  A golden eye (shapeshifter) (WizLab)
  An iron golem (WizLab)
  A black mamba skeleton (Pan)
  A yak (shapeshifter) (WizLab)
  A redback (shapeshifter) (Depths:3)
  A basilisk (shapeshifter) (Vaults:5)
  A redback (Vaults:2)
  A vampire mosquito (D:15)
  3 wargs
  24 chaos spawn
  A warg (shapeshifter) (Vaults:5)
  43 nagas
  14 water moccasins
  2 swamp worms (shapeshifter)
  5 floating eyes
  44 orc warriors
  An alligator simulacrum (Hell)
  2 black bears
  An ice beast (D:6)
  A boggart (shapeshifter) (Vaults:5)
  3 ogres
  13 wolves
  2 boggarts (Vaults:2)
  2 phantoms (D:5)
  2 centaurs
  3 kobold brigands (D:7)
  6 bullfrogs
  A necrophage (D:6)
  2 gnoll sergeants
  2 earth elementals (Elf:1)
  4 scorpions
  17 small abominations
  12 wights
  An elephant simulacrum (IceCv)
  4 killer bees (D:9)
  2 howler monkeys
  An electric eel (Lair:4)
  A crimson imp (Abyss:2)
  3 jellies
  23 orc priests
  A gnoll bouda (D:5)
  A hound (D:5)
  Natasha (thrice) (D:2)
  21 orc wizards
  2 hell rats
  A wolf simulacrum (IceCv)
  Robin (D:2)
  5 adders
  12 gnolls
  4 river rats
  A shadow imp (D:6)
  2 white imps
  3 ufetubi
  2 worms (D:3)
  A dart slug (D:2)
  94 orcs
  8 endoplasms
  2 giant cockroaches (D:3)
  15 hobgoblins
  4 jackals (D:1)
  3 quokkas
  7 ball pythons
  3 bats
  2 frilled lizards (D:1)
  18 goblins
  14 kobolds
  12 rats
  A spectral kobold (D:6)
  4 butterflies (Lair:5)
  A creeping inferno (Hell)
  4 fire vortices (Hell)
  13 starspawn tentacles (Abyss:4)
  3 tentacles (Hell)
2443 creatures vanquished.

Vanquished Creatures (others)
  An eldritch tentacle (Pan)
  A deep elf annihilator (Elf:3)
  A blizzard demon (Pan)
  A deep elf knight (Elf:3)
  A deep elf pyromancer (Elf:3)
  A wizard (Vaults:1)
  A naga mage (Snake:4)
  A yaktaur (Vaults:4)
  A hellwing (Pan)
  A chaos spawn (Pan)
  2 boggarts (Vaults:2)
  2 kobolds
  A demonic plant (Abyss:4)
  4 foxfires (Abyss:4)
  27 fungi
  53 plants
  6 starspawn tentacles (Abyss:4)
  3 tentacles (Hell)
108 creatures vanquished.

Grand Total: 2551 creatures vanquished

Notes
Turn   | Place    | Note
-------+----------+-------------------------------------------
     0 | D:5      | Flugkiller the Octopode Delver began the quest for the Orb.
     0 | D:5      | Reached XP level 1. HP: 16/16 MP: 1/1
     1 | D:5      | Found a burning altar of Makhleb.
    27 | D:5      | Noticed a scorpion
    28 | D:5      | Found a staircase to the Ecumenical Temple.
    28 | D:5      | Noticed a hound
    34 | D:5      | Killed a scorpion
    35 | D:5      | Reached XP level 2. HP: 9/21 MP: 2/2
    35 | D:5      | Reached XP level 3. HP: 12/26 MP: 3/3
    44 | D:5      | Reached XP level 4. HP: 6/31 MP: 4/4
    50 | Temple   | Entered the Ecumenical Temple
   207 | D:5      | Found an ornate altar of the Wu Jian Council.
   219 | D:5      | Became a worshipper of the Wu Jian Council
   243 | D:5      | Noticed a phantom
   270 | D:5      | Killed a phantom
   271 | D:5      | Reached skill level 5 in Dodging
   271 | D:5      | Reached XP level 5. HP: 20/36 MP: 5/5
   345 | D:4      | Found Kometimadu's Antique Weapon Emporium.
   457 | D:4      | Reached XP level 6. HP: 25/42 MP: 6/6
  1239 | D:3      | Found a shimmering altar of Xom.
  1264 | D:3      | Found a glowing drain.
  1268 | Sewer    | Entered a sewer
  1800 | D:3      | Reached * piety under Wu Jian
  1857 | D:3      | Found a snail-covered altar of Cheibriados.
  2201 | D:2      | Noticed Natasha
  2213 | D:2      | Killed Natasha
  2214 | D:2      | Reached XP level 7. HP: 34/48 MP: 7/7
  2382 | D:2      | Noticed Natasha
  2393 | D:2      | Killed Natasha
  2420 | D:2      | Noticed Robin
  2435 | D:2      | Killed Robin
  2552 | D:2      | Noticed Natasha
  2566 | D:2      | Killed Natasha
  2818 | D:1      | Learned a level 2 spell: Ensorcelled Hibernation
  2903 | D:1      | Reached ** piety under Wu Jian
  3082 | D:1      | Found a faded altar of an unknown god.
  4004 | D:5      | Reached skill level 1 in Hexes
  4004 | D:5      | Reached skill level 1 in Ice Magic
  4047 | D:5      | Reached skill level 1 in Spellcasting
  4074 | Temple   | HP: 1/49 [gnoll sergeant/+0 spear of venom (8)]
  4334 | D:6      | Reached XP level 8. HP: 46/54 MP: 8/10
  4412 | D:6      | Reached skill level 5 in Fighting
  4670 | D:6      | Found a hazy altar of Hepliaklqana.
  5563 | D:7      | Noticed a kobold demonologist
  5564 | D:7      | Noticed a kobold demonologist
  5565 | D:7      | Noticed a kobold demonologist
  5566 | D:7      | Noticed a sun demon
  5721 | D:7      | Noticed a hellwing
  5858 | D:7      | Noticed a ynoxinul
  5884 | D:7      | Killed a kobold demonologist
  5885 | D:7      | Reached XP level 9. HP: 35/61 MP: 13/13
  6153 | D:7      | Noticed an orange demon
  6153 | D:7      | Killed a kobold demonologist
  6154 | D:7      | Reached skill level 5 in Hexes
  6154 | D:7      | Reached skill level 5 in Ice Magic
  6172 | D:7      | Killed a kobold demonologist
  7189 | D:7      | Reached *** piety under Wu Jian
  7706 | D:8      | Identified the +10 sling of Zijuk {venom, Dex+4 Stlth+}
  8027 | D:9      | Reached XP level 10. HP: 66/66 MP: 14/14
  8684 | D:9      | Noticed a deep elf pyromancer
  8691 | D:9      | Killed a deep elf pyromancer
  8692 | D:9      | Reached skill level 5 in Short Blades
  8724 | D:9      | Found an opulent altar of Gozag.
  8786 | D:10     | Entered Level 10 of the Dungeon
  8786 | D:10     | Noticed a catoblepas
  8786 | D:10     | Noticed a manticore
  8805 | D:10     | Killed a catoblepas
  8900 | D:10     | Killed a manticore
  8954 | D:10     | Found a broken altar of Ashenzari.
  8955 | D:10     | Found a shadowy altar of Dithmenos.
  8955 | D:10     | Found a glowing golden altar of the Shining One.
  9140 | D:10     | Found Inole's Magic Scroll Shoppe.
  9284 | D:10     | Found a stormy altar of Qazlal.
  9365 | D:10     | Noticed a two-headed ogre
  9366 | D:10     | Noticed Harold
  9379 | D:10     | Killed Harold
  9379 | D:10     | Reached XP level 11. HP: 75/75 MP: 15/15
  9402 | D:10     | Killed a two-headed ogre
  9725 | D:9      | Noticed a centaur warrior
 10171 | D:11     | Noticed a two-headed ogre
 10176 | D:11     | Killed a two-headed ogre
 10334 | D:11     | Found a staircase to the Lair.
 10335 | D:11     | Noticed a death yak
 10337 | D:11     | Noticed a death yak
 10337 | D:11     | Noticed a death yak
 10759 | D:11     | Killed a death yak
 10760 | D:11     | Reached skill level 10 in Dodging
 11151 | D:12     | Noticed a manticore
 11151 | D:12     | Reached **** piety under Wu Jian
 11156 | D:12     | Noticed a white ugly thing
 11281 | Lair:1   | Entered Level 1 of the Lair of Beasts
 11492 | Lair:1   | Reached XP level 12. HP: 82/82 MP: 10/16
 11651 | Lair:1   | Reached skill level 10 in Short Blades
 11661 | Lair:1   | Reached skill level 1 in Transmutations
 12746 | Lair:2   | Reached skill level 5 in Spellcasting
 12826 | Lair:2   | Identified the +10 sling of Resourcefulness {flame, rC+
                  | Stlth+}
 12984 | Lair:2   | Found a blossoming altar of Fedhas.
 13281 | Lair:3   | Reached skill level 5 in Transmutations
 13348 | Lair:3   | Found a frozen archway.
 13407 | IceCv    | Entered an ice cave
 13410 | IceCv    | Found a transporter.
 13439 | IceCv    | Found a transporter.
 13502 | Lair:3   | Reached XP level 13. HP: 67/88 MP: 22/22
 13683 | Lair:3   | Found a staircase to the Shoals.
 14166 | Lair:3   | Found a staircase to the Snake Pit.
 14709 | Lair:4   | Reached skill level 10 in Transmutations
 15018 | Lair:4   | Identified the +0 robe of Alyut {+Blink rC+}
 15479 | Lair:5   | Entered Level 5 of the Lair of Beasts
 15479 | Lair:5   | Found a staircase to the Slime Pits.
 15479 | Lair:5   | Found a viscous altar of Jiyva.
 15489 | Lair:5   | Identified a scroll of acquirement
 15545 | Lair:5   | Found a gate leading to a gauntlet.
 15566 | Gauntlet | Entered a Gauntlet
 15566 | Gauntlet | Found a transporter.
 15566 | Gauntlet | Found a runed translucent door.
 15567 | Gauntlet | Found a runed translucent door.
 15578 | Gauntlet | Found a transporter.
 15581 | Gauntlet | Found a transporter.
 15582 | Gauntlet | Found a transporter.
 15593 | Gauntlet | Found a transporter.
 15594 | Gauntlet | Found a transporter.
 15603 | Gauntlet | Found a transporter.
 15606 | Gauntlet | Found a transporter.
 15607 | Gauntlet | Found a transporter.
 15615 | Gauntlet | Found a transporter.
 15618 | Gauntlet | Found a transporter.
 15619 | Gauntlet | Found a transporter.
 15636 | Gauntlet | Found a transporter.
 15636 | Gauntlet | Found the +3 Elemental Staff {rElec rF++ rC++ AC+5}
 15638 | Gauntlet | Noticed a dire elephant
 15686 | Gauntlet | Found a transporter.
 16002 | Gauntlet | Noticed a minotaur
 16006 | Gauntlet | Killed a minotaur
 16018 | Lair:5   | Identified the +1 robe of the Carpenter {Harm +Inv rN+}
 16925 | Lair:5   | Noticed a dire elephant
 17145 | D:12     | Found a staircase to the Orcish Mines.
 17201 | D:12     | Reached XP level 14. HP: 85/94 MP: 23/23
 17512 | D:12     | Found Noor Meer's Vocational Training.
 18114 | D:13     | Noticed Joseph
 18125 | D:13     | Killed Joseph
 18385 | D:13     | Reached skill level 15 in Transmutations
 18697 | D:13     | Acquired a ring of see invisible
 18914 | D:14     | Found a gate to the Vaults.
 19050 | D:14     | Found Xosyezeh's General Store.
 19053 | D:14     | Bought a scroll of enchant weapon for 90 gold pieces
 19690 | D:15     | Entered Level 15 of the Dungeon
 19824 | D:15     | Reached XP level 15. HP: 74/99 MP: 24/24
 19973 | D:15     | Noticed Nessos
 19981 | D:15     | Killed Nessos
 20060 | D:15     | Reached skill level 1 in Air Magic
 20089 | D:15     | Reached skill level 2 in Air Magic
 20103 | D:15     | Reached skill level 3 in Air Magic
 20174 | D:15     | Reached skill level 4 in Air Magic
 20316 | D:15     | Reached skill level 5 in Air Magic
 20337 | D:15     | Found a staircase to the Depths.
 20864 | Orc:1    | Entered Level 1 of the Orcish Mines
 20877 | D:12     | Learned a level 7 spell: Storm Form
 20892 | Orc:1    | Reached skill level 6 in Air Magic
 20909 | Orc:1    | Noticed Urug
 20924 | Orc:1    | Killed Urug
 21116 | Orc:2    | Entered Level 2 of the Orcish Mines
 21134 | Orc:1    | You fall into a shaft and drop 1 floor!
 21134 | Orc:2    | Found Urintaorch's Assorted Antiques.
 21145 | Orc:2    | Paralysed by an orc sorcerer for 3 turns
 21153 | Orc:2    | Bought a scroll of teleportation for 72 gold pieces
 21153 | Orc:2    | Bought a scroll of fear for 96 gold pieces
 21374 | Orc:2    | Found Fafuatak's Jewellery Shop.
 21440 | Orc:1    | Reached skill level 7 in Air Magic
 21571 | Orc:2    | Noticed Saint Roka
 21799 | Orc:2    | Reached ***** piety under Wu Jian
 21838 | Orc:2    | Found a staircase to the Elven Halls.
 21862 | Orc:2    | Reached skill level 8 in Air Magic
 22108 | Orc:2    | Found Jetucier's Book Shop.
 22249 | Orc:2    | Killed Saint Roka
 22395 | Orc:2    | Found Siuc Ygemu's Antique Armour Shoppe.
 22398 | Orc:2    | Found Kiqai's Antique Weapon Emporium.
 22488 | Orc:2    | Bought a +6 ring of intelligence for 576 gold pieces
 22490 | Orc:2    | Bought a +4 ring of protection for 576 gold pieces
 22535 | Orc:2    | Bought 2 potions of mutation for 384 gold pieces
 22535 | Orc:2    | Gained mutation: You occasionally lose the ability to read
                  | scrolls when taking damage. [potion of mutation]
 22535 | Orc:2    | Gained mutation: You are weak. (Str -2) [potion of
                  | mutation]
 22535 | Orc:2    | Gained mutation: You are resistant to electric shocks.
                  | (rElec) [potion of mutation]
 22535 | Orc:2    | Gained mutation: One of your tentacles bears a spike.
                  | [potion of mutation]
 22536 | Orc:2    | Lost mutation: You occasionally lose the ability to read
                  | scrolls when taking damage. [potion of mutation]
 22536 | Orc:2    | Lost mutation: You are weak. (Str -2) [potion of mutation]
 22536 | Orc:2    | Gained mutation: You have a pair of small antennae on your
                  | head. [potion of mutation]
 22536 | Orc:2    | Gained mutation: You are robust. (+10% HP) [potion of
                  | mutation]
 22536 | Orc:2    | Gained mutation: You have an increased reservoir of magic.
                  | (+10% MP) [potion of mutation]
 22556 | Orc:2    | Learned a level 3 spell: Swiftness
 22742 | Shoals:1 | Entered Level 1 of the Shoals
 22749 | Shoals:1 | Reached skill level 9 in Air Magic
 23167 | Shoals:1 | Reached skill level 10 in Air Magic
 23300 | Shoals:1 | Identified the +9 spear "Haususa" {venom, Drain rPois rN+
                  | rCorr}
 24058 | Shoals:2 | Reached skill level 11 in Air Magic
 24059 | Shoals:2 | Reached XP level 16. HP: 66/115 MP: 27/27
 24329 | Shoals:2 | Noticed Ilsuiw
 24402 | Shoals:3 | Found Ynien's Distillery.
 24418 | Shoals:3 | Reached skill level 12 in Air Magic
 24585 | Shoals:3 | Found Gessiuti's Gadget Gallery.
 25033 | Shoals:4 | Entered Level 4 of the Shoals
 25111 | Shoals:4 | Reached skill level 13 in Air Magic
 25249 | Shoals:4 | Got a barnacled rune of Zot
 25319 | Shoals:4 | Reached skill level 14 in Air Magic
 25624 | Snake:1  | Entered Level 1 of the Snake Pit
 25645 | Snake:1  | Reached skill level 1 in Unarmed Combat
 25787 | Snake:1  | Learned a level 5 spell: Yara's Violent Unravelling
 25913 | Snake:1  | Reached skill level 5 in Unarmed Combat
 25956 | Snake:1  | Found Aptam's Weapon Emporium.
 26006 | Snake:1  | Found Ysuanouli's Assorted Antiques.
 26541 | Snake:2  | Noticed a nagaraja
 26543 | Snake:2  | Killed a nagaraja
 26558 | Snake:2  | Reached XP level 17. HP: 81/119 MP: 26/28
 26765 | Snake:2  | Noticed Donald
 27316 | Snake:2  | Killed Donald
 27316 | Snake:2  | Reached ****** piety under Wu Jian
 27620 | Snake:3  | Reached skill level 10 in Unarmed Combat
 27864 | Snake:3  | Found Zoll's Book Shoppe.
 27864 | Snake:3  | Found Oga Vass's Jewellery Boutique.
 27865 | Snake:3  | Found Miycziko's Book Shoppe.
 27871 | Snake:3  | Bought Maxwell's Memoranda for 646 gold pieces
 27875 | Snake:3  | Learned a level 3 spell: Vhi's Electric Charge
 28204 | Snake:3  | Noticed Aizul
 28213 | Snake:3  | Killed Aizul
 28460 | Snake:4  | Entered Level 4 of the Snake Pit
 28575 | Snake:4  | Found Saomymeuvy's Weapon Boutique.
 29065 | Snake:4  | Reached XP level 18. HP: 129/129 MP: 22/29
 29108 | Snake:4  | Got a serpentine rune of Zot
 29182 | Snake:4  | Reached skill level 10 in Fighting
 30030 | Elf:1    | Entered Level 1 of the Elven Halls
 30076 | Elf:1    | Found Buhee's Weapon Shop.
 30209 | Elf:1    | Found Wofuthru's Magic Scroll Emporium.
 30273 | Elf:1    | Found Acwucen's Magic Scroll Emporium.
 30291 | Elf:1    | Paralysed by an air elemental for 1 turns
 30298 | Elf:1    | Paralysed by an air elemental for 1 turns
 30382 | Elf:1    | Found Fomnul's Antique Weapon Emporium.
 30454 | Elf:1    | Found Fowkiah's Distillery.
 31168 | Elf:2    | Found a runed translucent gate.
 31169 | Elf:2    | Found a runed translucent gate.
 31169 | Elf:2    | Found a runed translucent gate.
 31593 | Elf:3    | Entered Level 3 of the Elven Halls
 31651 | Elf:3    | Found Jumoc's Magic Scroll Emporium.
 31706 | Elf:3    | Found a shimmering blue altar of Sif Muna.
 31709 | Elf:3    | Reached XP level 19. HP: 113/140 MP: 28/30
 31975 | Elf:3    | Acquired the ring of Jamnevug {Fire Contam Will+ Str+4
                  | Stlth+}
 32129 | Elf:3    | Reached skill level 15 in Unarmed Combat
 32139 | Elf:3    | Noticed a Tzitzimitl
 32172 | Abyss:2  | Cast into level 2 of the Abyss (a deep elf demonologist)
 32540 | Elf:3    | Escaped the Abyss
 32600 | Elf:3    | Identified the +1 leather armour "Godepare" {Will+ Int+3
                  | Stlth-}
 32750 | Elf:3    | Identified the ring "Yras" {rPois Int+6 Dex+4}
 32909 | Elf:3    | Identified the +1 ring mail "Pieseteq" {-Tele rPois Regen+
                  | Str+4}
 32914 | Elf:3    | Got the Reference Book on the Pyre and the Wayfarer
 33223 | Vaults:1 | Entered Level 1 of the Vaults
 33242 | Vaults:1 | Found Xoploffa's Antique Armour Shoppe.
 33301 | Vaults:1 | Bought a twisted hat for 324 gold pieces
 33301 | Vaults:1 | Identified the +2 hat of the Villain {rC+ Str+4} (You
                  | bought it in a shop on level 1 of the Vaults)
 33460 | Vaults:1 | Reached XP level 20. HP: 151/151 MP: 31/31
 34452 | Vaults:2 | Reached skill level 15 in Dodging
 34855 | Vaults:2 | Noticed Margery
 34858 | Vaults:2 | Killed Margery
 34912 | Vaults:2 | Found Gozag's Antique Weapon Shop.
 34913 | Vaults:2 | Found Gozag's Assorted Antiques.
 34921 | Vaults:2 | Found an opulent altar of Gozag.
 34931 | Vaults:2 | Found Gozag's Antique Weapon Shop.
 34942 | Vaults:2 | Bought a smoking jade ring for 500 gold pieces
 34942 | Vaults:2 | Identified the ring "Otexogod" {Str-4 Dex+6 Slay+4} (You
                  | bought it in a shop on level 2 of the Vaults)
 35012 | Vaults:2 | Reached XP level 21. HP: 158/161 MP: 33/33
 35772 | Vaults:3 | Found a magical portal.
 35787 | WizLab   | Entered Cigotuvi's Fleshworks
 36226 | WizLab   | Paralysed by a floating eye for 3 turns
 36268 | WizLab   | Found the -2 hat of the Alchemist {rElec rPois rF+ rC+ rN+
                  | Will+ rMut rCorr}
 36436 | Vaults:3 | Lost mutation: You are robust. (+10% HP) [potion of
                  | mutation]
 36436 | Vaults:3 | Lost mutation: You have a pair of small antennae on your
                  | head. [potion of mutation]
 36436 | Vaults:3 | Gained mutation: Your body sometimes deteriorates upon
                  | taking damage. [potion of mutation]
 36436 | Vaults:3 | Gained mutation: You occasionally lose the ability to read
                  | scrolls when taking damage. [potion of mutation]
 36436 | Vaults:3 | Gained mutation: You are strong-willed. (Will+) [potion of
                  | mutation]
 36437 | Vaults:3 | Lost mutation: Your body sometimes deteriorates upon taking
                  | damage. [potion of mutation]
 36437 | Vaults:3 | Lost mutation: You are strong-willed. (Will+) [potion of
                  | mutation]
 36437 | Vaults:3 | Lost mutation: You are resistant to electric shocks.
                  | (rElec) [potion of mutation]
 36437 | Vaults:3 | Gained mutation: You are strong-willed. (Will+) [potion of
                  | mutation]
 36437 | Vaults:3 | Gained mutation: Your muscles are strong. (Str +4, Int/Dex
                  | -1) [potion of mutation]
 36438 | Vaults:3 | Lost mutation: Your muscles are strong. (Str +4, Int/Dex
                  | -1) [potion of mutation]
 36438 | Vaults:3 | Lost mutation: One of your tentacles bears a spike. [potion
                  | of mutation]
 36438 | Vaults:3 | Lost mutation: You occasionally lose the ability to read
                  | scrolls when taking damage. [potion of mutation]
 36438 | Vaults:3 | Gained mutation: You are partially covered in iridescent
                  | scales. (AC +2) [potion of mutation]
 36439 | Vaults:3 | Lost mutation: You have an increased reservoir of magic.
                  | (+10% MP) [potion of mutation]
 36439 | Vaults:3 | Lost mutation: You are partially covered in iridescent
                  | scales. (AC +2) [potion of mutation]
 36439 | Vaults:3 | Gained mutation: You are agile. (Dex +4, Str/Int -1)
                  | [potion of mutation]
 36439 | Vaults:3 | Gained mutation: You are dopey. (Int -2) [potion of
                  | mutation]
 36439 | Vaults:3 | Gained mutation: You are frail. (-10% HP) [potion of
                  | mutation]
 36439 | Vaults:3 | Gained mutation: You have supernaturally acute eyesight.
                  | (SInv) [potion of mutation]
 36440 | Vaults:3 | Lost mutation: You are agile. (Dex +4, Str/Int -1) [potion
                  | of mutation]
 36440 | Vaults:3 | Lost mutation: You are strong-willed. (Will+) [potion of
                  | mutation]
 36440 | Vaults:3 | Gained mutation: You sometimes lose your temper in combat.
                  | [potion of mutation]
 36440 | Vaults:3 | Gained mutation: You have hidden genetic potential. [potion
                  | of mutation]
 36441 | Vaults:3 | Lost mutation: You have supernaturally acute eyesight.
                  | (SInv) [potion of mutation]
 36441 | Vaults:3 | Lost mutation: You are dopey. (Int -2) [potion of mutation]
 36441 | Vaults:3 | Gained mutation: You are partially covered in iridescent
                  | scales. (AC +2) [potion of mutation]
 36442 | Vaults:3 | Lost mutation: You are partially covered in iridescent
                  | scales. (AC +2) [potion of mutation]
 36442 | Vaults:3 | Lost mutation: You have hidden genetic potential. [potion
                  | of mutation]
 36442 | Vaults:3 | Gained mutation: You are occasionally teleported next to
                  | monsters. [potion of mutation]
 36442 | Vaults:3 | Gained mutation: Your body sometimes deteriorates upon
                  | taking damage. [potion of mutation]
 36442 | Vaults:3 | Gained mutation: You are somewhat resistant to further
                  | mutation. [potion of mutation]
 36443 | Vaults:3 | Lost mutation: You are occasionally teleported next to
                  | monsters. [potion of mutation]
 36443 | Vaults:3 | Lost mutation: Your body sometimes deteriorates upon taking
                  | damage. [potion of mutation]
 36444 | Vaults:3 | Lost mutation: You sometimes lose your temper in combat.
                  | [potion of mutation]
 36444 | Vaults:3 | Lost mutation: You are somewhat resistant to further
                  | mutation. [potion of mutation]
 36444 | Vaults:3 | Gained mutation: Your magical capacity is low. (-10% MP)
                  | [potion of mutation]
 36444 | Vaults:3 | Gained mutation: Your magical capacity is very low. (-20%
                  | MP) [potion of mutation]
 36444 | Vaults:3 | Gained mutation: Your mind is acute. (Int +4, Str/Dex -1)
                  | [potion of mutation]
 36445 | Vaults:3 | Lost mutation: Your mind is acute. (Int +4, Str/Dex -1)
                  | [potion of mutation]
 36445 | Vaults:3 | Lost mutation: Your magical capacity is very low. (-20% MP)
                  | [potion of mutation]
 36445 | Vaults:3 | Lost mutation: Your magical capacity is low. (-10% MP)
                  | [potion of mutation]
 36445 | Vaults:3 | Gained mutation: Your muscles are strong. (Str +4, Int/Dex
                  | -1) [potion of mutation]
 36445 | Vaults:3 | Gained mutation: Your flesh is heat resistant. (rF+)
                  | [potion of mutation]
 36445 | Vaults:3 | Lost mutation: Your flesh is heat resistant. (rF+) [potion
                  | of mutation]
 36446 | Vaults:3 | Lost mutation: You are frail. (-10% HP) [potion of
                  | mutation]
 36446 | Vaults:3 | Lost mutation: Your muscles are strong. (Str +4, Int/Dex
                  | -1) [potion of mutation]
 36446 | Vaults:3 | Gained mutation: One of your tentacles bears a spike.
                  | [potion of mutation]
 36447 | Vaults:3 | Lost mutation: One of your tentacles bears a spike. [potion
                  | of mutation]
 36447 | Vaults:3 | Gained mutation: You are frail. (-10% HP) [potion of
                  | mutation]
 36447 | Vaults:3 | Gained mutation: You have a pair of small antennae on your
                  | head. [potion of mutation]
 36447 | Vaults:3 | Gained mutation: You sometimes lose your temper in combat.
                  | [potion of mutation]
 36447 | Vaults:3 | Gained mutation: You are strong-willed. (Will+) [potion of
                  | mutation]
 36448 | Vaults:3 | Lost mutation: You sometimes lose your temper in combat.
                  | [potion of mutation]
 36448 | Vaults:3 | Lost mutation: You are strong-willed. (Will+) [potion of
                  | mutation]
 36448 | Vaults:3 | Lost mutation: You have a pair of small antennae on your
                  | head. [potion of mutation]
 36448 | Vaults:3 | Lost mutation: You are frail. (-10% HP) [potion of
                  | mutation]
 36448 | Vaults:3 | Gained mutation: You are robust. (+10% HP) [potion of
                  | mutation]
 36472 | Vaults:3 | Lost mutation: You are robust. (+10% HP) [potion of
                  | mutation]
 36472 | Vaults:3 | Gained mutation: You expend magic power (3 MP) to
                  | strengthen your wands. [potion of mutation]
 36473 | Vaults:3 | Lost mutation: You expend magic power (3 MP) to strengthen
                  | your wands. [potion of mutation]
 36473 | Vaults:3 | Gained mutation: Your magical capacity is low. (-10% MP)
                  | [potion of mutation]
 36473 | Vaults:3 | Gained mutation: You are vulnerable to heat. (rF-) [potion
                  | of mutation]
 36474 | Vaults:3 | Lost mutation: You are vulnerable to heat. (rF-) [potion of
                  | mutation]
 36474 | Vaults:3 | Lost mutation: Your magical capacity is low. (-10% MP)
                  | [potion of mutation]
 36474 | Vaults:3 | Gained mutation: You have a pair of small antennae on your
                  | head. [potion of mutation]
 36474 | Vaults:3 | Gained mutation: You are partially covered in iridescent
                  | scales. (AC +2) [potion of mutation]
 36474 | Vaults:3 | Gained mutation: You are mostly covered in iridescent
                  | scales. (AC +4) [potion of mutation]
 36635 | Vaults:3 | Found a staircase to the Crypt.
 38218 | Vaults:4 | Noticed Zenata
 38230 | Vaults:4 | Killed Zenata
 38233 | Vaults:4 | Reached XP level 22. HP: 97/156 MP: 26/31
 38570 | Vaults:5 | Entered Level 5 of the Vaults
 38574 | Vaults:5 | Reached skill level 15 in Fighting
 38590 | Abyss:2  | Cast into level 2 of the Abyss (a deep elf sorcerer)
 38598 | Abyss:2  | Found a corrupted altar of Lugonu.
 38602 | Abyss:3  | Found a corrupted altar of Lugonu.
 38712 | Abyss:4  | Reached skill level 15 in Air Magic
 38859 | Vaults:5 | Escaped the Abyss
 38859 | Vaults:5 | Noticed a golden dragon
 38871 | Vaults:5 | Killed a golden dragon
 38886 | Vaults:5 | Noticed Boris
 38891 | Vaults:5 | Identified the +10 broad axe of the Shouting Genius
                  | {freeze, rCorr Dex+2}
 38891 | Vaults:5 | Identified the +7 shortbow of Soeb Pitz {vorpal, rPois rN++
                  | Int-4 Dex+3}
 38897 | Vaults:5 | Killed Boris
 38907 | Vaults:5 | Reached skill level 16 in Air Magic
 39059 | Vaults:5 | Got the Atlas of the Old World
 39150 | Vaults:5 | Identified the amulet of Ytofo {Reflect rC+ SH+5}
 39220 | Vaults:5 | Found the +3 pair of mountain boots {steadfast, rC+}
 39229 | Vaults:5 | Identified the +0 kite shield of Sloth {Rampage}
 39233 | Vaults:5 | Identified the +11 sling "Duodar" {vorpal, Str+3}
 39255 | Vaults:5 | Got the Octavo of Filthy Firn
 39357 | Vaults:5 | Reached XP level 23. HP: 164/164 MP: 33/35
 39398 | Vaults:5 | Got a silver rune of Zot
 39634 | Vaults:5 | Identified the +2 long sword "Pinkar" {vorpal, rC+++ Will-
                  | rCorr Str+4}
 39644 | Vaults:5 | Identified the +9 mace "Vaohior" {vorpal, *Slow rElec rPois
                  | Will+}
 39667 | Vaults:5 | Identified the +6 long sword "Qeceeph" {vamp, *Rage Str+3
                  | Stlth+}
 40163 | Depths:1 | Entered Level 1 of the Depths
 40267 | Depths:1 | Found a white marble altar of Elyvilon.
 40403 | Depths:1 | Found a gateway to Hell.
 40719 | Depths:1 | Learned a level 5 spell: Irradiate
 40822 | Depths:2 | Reached skill level 17 in Air Magic
 41157 | Depths:2 | Found a corrupted altar of Lugonu.
 41158 | Depths:2 | Found a one-way gate to the infinite horrors of the Abyss.
 41247 | Depths:2 | Found a one-way gate leading to the halls of Pandemonium.
 41314 | Depths:2 | Found Luschabo's Weapon Boutique.
 41743 | Depths:3 | Noticed a juggernaut
 41749 | Depths:3 | Killed a juggernaut
 41823 | Depths:3 | Identified the +9 trident "Grim Tooth" {antimagic, Will+}
 41826 | Depths:3 | Reached skill level 18 in Air Magic
 41826 | Depths:3 | Noticed a golden dragon
 41829 | Depths:3 | Killed a golden dragon
 41837 | Depths:3 | Reached XP level 24. HP: 150/173 MP: 30/36
 41868 | Depths:3 | Identified the +1 shortbow of Wounding {venom, Contam rPois
                  | Str+4 SInv}
 42187 | Depths:3 | Reached skill level 10 in Spellcasting
 42189 | Depths:3 | Noticed Mennas
 42191 | Depths:3 | Found a one-way gateway to a ziggurat.
 42197 | Depths:3 | Killed Mennas
 42672 | Depths:4 | Entered Level 4 of the Depths
 42720 | Depths:4 | Found a gate to the Realm of Zot.
 43499 | Depths:4 | Reached skill level 19 in Air Magic
 44466 | Slime:1  | Entered Level 1 of the Pits of Slime
 44512 | Slime:2  | Gained mutation: You occasionally lose the ability to drink
                  | potions when taking damage. [a shining eye]
 44523 | Slime:2  | Gained mutation: You are weak. (Str -2) [a shining eye]
 44528 | Slime:2  | Gained mutation: You sometimes lose your temper in combat.
                  | [a shining eye]
 44539 | Slime:2  | Found a viscous altar of Jiyva.
 44642 | Slime:4  | Gained mutation: You have an uncontrollable temper. [a
                  | shining eye]
 44708 | Slime:5  | Entered Level 5 of the Pits of Slime
 44967 | Slime:5  | Noticed the Royal Jelly
 44970 | Slime:5  | Found a viscous altar of Jiyva.
 44973 | Slime:5  | Killed the Royal Jelly
 45018 | Slime:5  | Gained mutation: You are very weak. (Str -4) [a shining
                  | eye]
 45025 | Slime:5  | Reached skill level 20 in Air Magic
 45154 | Slime:5  | Reached XP level 25. HP: 79/182 MP: 31/37
 45375 | Slime:5  | Got the Discourse on Toxins and Assembling
 45410 | Slime:5  | Got a slimy rune of Zot
 45460 | Slime:5  | Got the Parchment of Sharkskin
 45527 | Slime:5  | Identified the +4 ring mail "Todwevar" {rC+ Int+2}
 45605 | Slime:5  | Gained mutation: You are occasionally teleported next to
                  | monsters. [a shining eye]
 45949 | Lair:5   | Lost mutation: You are very weak. (Str -4) [potion of
                  | mutation]
 45949 | Lair:5   | Lost mutation: You are occasionally teleported next to
                  | monsters. [potion of mutation]
 45949 | Lair:5   | Gained mutation: You are agile. (Dex +4, Str/Int -1)
                  | [potion of mutation]
 45950 | Lair:5   | Lost mutation: You are mostly covered in iridescent scales.
                  | (AC +4) [potion of mutation]
 45950 | Lair:5   | Lost mutation: You have a pair of small antennae on your
                  | head. [potion of mutation]
 45950 | Lair:5   | Gained mutation: You have hidden genetic defects. [potion
                  | of mutation]
 45950 | Lair:5   | Lost mutation: You have an uncontrollable temper. [potion
                  | of mutation]
 45950 | Lair:5   | Gained mutation: You are partially covered in large bone
                  | plates. (SH +4) [potion of mutation]
 45952 | Lair:5   | Lost mutation: You are partially covered in large bone
                  | plates. (SH +4) [potion of mutation]
 45952 | Lair:5   | Lost mutation: You are agile. (Dex +4, Str/Int -1) [potion
                  | of mutation]
 45952 | Lair:5   | Lost mutation: You occasionally lose the ability to drink
                  | potions when taking damage. [potion of mutation]
 45952 | Lair:5   | Gained mutation: You have a pair of small antennae on your
                  | head. [potion of mutation]
 45952 | Lair:5   | Gained mutation: You have terrible hidden genetic defects.
                  | [potion of mutation]
 45952 | Lair:5   | Gained mutation: You have very sharp teeth. [potion of
                  | mutation]
 45953 | Lair:5   | Lost mutation: You sometimes lose your temper in combat.
                  | [potion of mutation]
 45953 | Lair:5   | Lost mutation: You have very sharp teeth. [potion of
                  | mutation]
 45953 | Lair:5   | Gained mutation: Your spells are a little harder to cast,
                  | but a little more powerful. [potion of mutation]
 45953 | Lair:5   | Gained mutation: You are robust. (+10% HP) [potion of
                  | mutation]
 45954 | Lair:5   | Lost mutation: You have terrible hidden genetic defects.
                  | [potion of mutation]
 45954 | Lair:5   | Lost mutation: You are robust. (+10% HP) [potion of
                  | mutation]
 45954 | Lair:5   | Gained mutation: You are resistant to electric shocks.
                  | (rElec) [potion of mutation]
 45954 | Lair:5   | Gained mutation: You expend magic power (3 MP) to
                  | strengthen your wands. [potion of mutation]
 45955 | Lair:5   | Lost mutation: You are resistant to electric shocks.
                  | (rElec) [potion of mutation]
 45955 | Lair:5   | Lost mutation: You have a pair of small antennae on your
                  | head. [potion of mutation]
 45955 | Lair:5   | Lost mutation: You expend magic power (3 MP) to strengthen
                  | your wands. [potion of mutation]
 45955 | Lair:5   | Lost mutation: Your spells are a little harder to cast, but
                  | a little more powerful. [potion of mutation]
 45956 | Lair:5   | Lost mutation: You are weak. (Str -2) [potion of mutation]
 45956 | Lair:5   | Lost mutation: You have hidden genetic defects. [potion of
                  | mutation]
 45956 | Lair:5   | Lost mutation: You are partially covered in iridescent
                  | scales. (AC +2) [potion of mutation]
 45956 | Lair:5   | Gained mutation: You are dopey. (Int -2) [potion of
                  | mutation]
 45956 | Lair:5   | Gained mutation: You have an increased reservoir of magic.
                  | (+10% MP) [potion of mutation]
 45956 | Lair:5   | Gained mutation: You are frail. (-10% HP) [potion of
                  | mutation]
 45957 | Lair:5   | Lost mutation: You are frail. (-10% HP) [potion of
                  | mutation]
 45957 | Lair:5   | Lost mutation: You are dopey. (Int -2) [potion of mutation]
 45957 | Lair:5   | Gained mutation: You have supernaturally acute eyesight.
                  | (SInv) [potion of mutation]
 45957 | Lair:5   | Gained mutation: You are weak. (Str -2) [potion of
                  | mutation]
 45957 | Lair:5   | Gained mutation: You possess an exceptional clarity of
                  | mind. [potion of mutation]
 45957 | Lair:5   | Gained mutation: One of your tentacles bears a spike.
                  | [potion of mutation]
 46073 | Lair:5   | Learned a level 8 spell: Maxwell's Capacitive Coupling
 46076 | Lair:5   | Learned a level 2 spell: Blink
 46383 | Pan      | Entered Pandemonium
 46422 | Pan      | Noticed Moweduc the pandemonium lord
 46432 | Pan      | Killed Moweduc the pandemonium lord
 46490 | Pan      | Gained mutation: You occasionally lose the ability to drink
                  | potions when taking damage. [a neqoxec]
 46510 | Pan      | Entered the realm of Cerebov.
 47292 | Pan      | Got Cigotuvi's Essays on Unhallowed Deeds
 47294 | Pan      | Identified the +7 hand axe of Ashenzari's Regard {pain,
                  | rElec rC+ Str+3 Dex+4}
 47332 | Pan      | Found the +6 sword of Cerebov {flame}
 47332 | Pan      | Noticed Cerebov
 47344 | Pan      | Killed Cerebov
 47345 | Pan      | Reached skill level 21 in Air Magic
 47399 | Pan      | Got a fiery rune of Zot
 47416 | Pan      | Identified the +5 scimitar "Quattab" {pain, rElec}
 47450 | Pan      | Identified the ring of Entrepreneurial Spirit {rF+ rN+
                  | Int+5}
 47531 | Pan      | Noticed Sefefroe the pandemonium lord
 47532 | Pan      | Killed Sefefroe the pandemonium lord
 47543 | Pan      | Reached skill level 22 in Air Magic
 47543 | Pan      | Reached XP level 26. HP: 165/189 MP: 42/42
 47594 | Depths:2 | Escaped Pandemonium
 47603 | Depths:2 | Gained mutation: You occasionally lose the ability to read
                  | scrolls when taking damage. [mutagenic glow]
 47619 | Pan      | Entered Pandemonium
 47766 | Pan      | Identified the +0 spear of the Egg {speed, Int+5}
 47988 | Pan      | Entered the realm of Gloorx Vloq.
 48053 | Pan      | Found an exit through the horrors of the Abyss.
 48254 | Pan      | Reached XP level 27. HP: 158/195 MP: 37/42
 48265 | Pan      | Reached skill level 23 in Air Magic
 48369 | Pan      | Noticed Gloorx Vloq
 48380 | Pan      | Killed Gloorx Vloq
 48408 | Pan      | Gained mutation: You are dopey. (Int -2) [mutagenic glow]
 48531 | Pan      | Got a dark rune of Zot
 48894 | Pan      | Noticed Amoekhlypa the pandemonium lord
 48898 | Pan      | Found a runed translucent door.
 48904 | Pan      | Killed Amoekhlypa the pandemonium lord
 48942 | Pan      | Reached skill level 24 in Air Magic
 48948 | Pan      | Reached skill level 1 in Conjurations
 48962 | Pan      | HP: 9/195 [reaper/+5 vorpal scythe (10)]
 48977 | Depths:2 | Escaped Pandemonium
 49323 | Pan      | Entered Pandemonium
 49325 | Pan      | Identified the +3 spear "Moerch Teag" {freeze, rElec rF+
                  | Str-2 Int+3}
 49392 | Pan      | Noticed Teujyrch the pandemonium lord
 49405 | Pan      | Killed Teujyrch the pandemonium lord
 49444 | Pan      | Reached skill level 5 in Conjurations
 50020 | Pan      | Noticed Duowud Feah the pandemonium lord
 50034 | Pan      | Killed Duowud Feah the pandemonium lord
 50062 | Pan      | HP: 6/195 [sixfirhy (4)]
 50512 | Pan      | Noticed Epilaumu the pandemonium lord
 50528 | Pan      | Killed Epilaumu the pandemonium lord
 50541 | Pan      | Entered the realm of Lom Lobon.
 50989 | Pan      | Reached skill level 10 in Conjurations
 51005 | Pan      | Noticed Lom Lobon
 51013 | Pan      | Got a magical rune of Zot
 51018 | Pan      | Killed Lom Lobon
 51470 | Pan      | HP: 5/192 [demonspawn blood saint/iceblast (25)]
 51852 | Pan      | Noticed Soodiyji the pandemonium lord
 52015 | Pan      | Killed Soodiyji the pandemonium lord
 52558 | Pan      | Got a demonic rune of Zot
 52569 | Pan      | Entered the realm of Mnoleg.
 52667 | Pan      | Gained mutation: You sometimes lose the ability to drink
                  | potions when taking damage. [a neqoxec]
 52675 | Pan      | Gained mutation: You have hidden genetic defects. [a
                  | cacodemon]
 52696 | Pan      | Reached skill level 15 in Conjurations
 52706 | Pan      | Noticed Mnoleg
 52710 | Pan      | Gained mutation: Your body sometimes deteriorates upon
                  | taking damage. [a neqoxec]
 52712 | Pan      | Gained mutation: Your body often deteriorates upon taking
                  | damage. [a neqoxec]
 52714 | Pan      | Lost mutation: You have an increased reservoir of magic.
                  | (+10% MP) [a neqoxec]
 52724 | Pan      | Paralysed by a floating eye for 2 turns
 52727 | Pan      | Paralysed by a floating eye for 4 turns
 52741 | Pan      | Killed Mnoleg
 52754 | Pan      | Gained mutation: Your spells are a little easier to cast,
                  | but a little less powerful. [a neqoxec]
 52760 | Pan      | Got a glowing rune of Zot
 52785 | Pan      | Gained mutation: You are very dopey. (Int -4) [a neqoxec]
 52824 | Depths:2 | Escaped Pandemonium
 52825 | Depths:2 | Lost mutation: One of your tentacles bears a spike. [potion
                  | of mutation]
 52825 | Depths:2 | Lost mutation: You are weak. (Str -2) [potion of mutation]
 52825 | Depths:2 | Lost mutation: You possess an exceptional clarity of mind.
                  | [potion of mutation]
 52825 | Depths:2 | Gained mutation: Your system is resistant to poisons.
                  | (rPois) [potion of mutation]
 52825 | Depths:2 | Lost mutation: Your spells are a little easier to cast, but
                  | a little less powerful. [potion of mutation]
 52826 | Depths:2 | Lost mutation: You sometimes lose the ability to drink
                  | potions when taking damage. [potion of mutation]
 52826 | Depths:2 | Lost mutation: You occasionally lose the ability to read
                  | scrolls when taking damage. [potion of mutation]
 52826 | Depths:2 | Lost mutation: Your body often deteriorates upon taking
                  | damage. [potion of mutation]
 52826 | Depths:2 | Gained mutation: You occasionally lose the ability to read
                  | scrolls when taking damage. [potion of mutation]
 52826 | Depths:2 | Gained mutation: Your flesh is cold resistant. (rC+)
                  | [potion of mutation]
 52827 | Depths:2 | Lost mutation: You are very dopey. (Int -4) [potion of
                  | mutation]
 52827 | Depths:2 | Lost mutation: Your flesh is cold resistant. (rC+) [potion
                  | of mutation]
 52827 | Depths:2 | Gained mutation: You are partially covered in iridescent
                  | scales. (AC +2) [potion of mutation]
 52827 | Depths:2 | Lost mutation: You are dopey. (Int -2) [potion of mutation]
 52827 | Depths:2 | Gained mutation: You sometimes lose the ability to read
                  | scrolls when taking damage. [potion of mutation]
 52828 | Depths:2 | Lost mutation: Your system is resistant to poisons. (rPois)
                  | [potion of mutation]
 52828 | Depths:2 | Lost mutation: You sometimes lose the ability to read
                  | scrolls when taking damage. [potion of mutation]
 52828 | Depths:2 | Lost mutation: You have hidden genetic defects. [potion of
                  | mutation]
 52828 | Depths:2 | Gained mutation: Your muscles are strong. (Str +4, Int/Dex
                  | -1) [potion of mutation]
 52829 | Depths:2 | Lost mutation: Your body sometimes deteriorates upon taking
                  | damage. [potion of mutation]
 52829 | Depths:2 | Lost mutation: You are partially covered in iridescent
                  | scales. (AC +2) [potion of mutation]
 52829 | Depths:2 | Gained mutation: Your flesh is cold resistant. (rC+)
                  | [potion of mutation]
 52829 | Depths:2 | Gained mutation: You are partially covered in large bone
                  | plates. (SH +4) [potion of mutation]
 52853 | Hell     | Entered the Vestibule of Hell
 52853 | Hell     | Noticed Geryon
 52863 | Hell     | Killed Geryon
 52943 | Hell     | Learned a level 9 spell: Chain Lightning
 52957 | Hell     | Found a gateway to the freezing wastes of Cocytus.
 53297 | Orc:2    | Bought a ring of protection from cold for 400 gold pieces
 53521 | Hell     | Found a gateway to the Iron City of Dis.
 53569 | Hell     | Found a gateway to the ashen valley of Gehenna.
 53717 | Hell     | Found a gateway to the decaying netherworld of Tartarus.
 53850 | Depths:3 | Voluntarily entered the Abyss.
 53954 | Abyss:4  | Gained mutation: You are occasionally teleported next to
                  | monsters. [a neqoxec]
 53978 | Abyss:4  | Found a corrupted altar of Lugonu.
 53979 | Abyss:4  | Found a corrupted altar of Lugonu.
 54001 | Abyss:4  | HP: 2/195 [starflower/harpoon shot (24)]
 54003 | Abyss:4  | Killed from afar by a starcursed mass

Illustrated notes

Levels and vault maps discovered:
D:1:      amcnicky_arrival_abandoned_market, layout_loops_ring, serial_glass,
          glass_columns_a, glass_columns_b, glass_columns_a, glass_columns_b,
          dreamdust_ecumenical_altar_hidden_monk_grotto, minmay_strange_pillars,
          minivault_25, hangedman_decor_points, feat_on_display
D:2:      layout_basic, uniq_natasha, uniq_robin
D:3:      layout_basic, overflow_temple_1_default, cheibrodos_worm_habitat,
          gup_sewer_entry_bowl
D:4:      layout_basic, serial_shops, shop, hangedman_abyss_or_decor_stabs
D:5:      layout_rooms, mainiacjoe_overflow_cross_hatched,
          nicolae_wu_jian_wuxing_cycle, minmay_temple_entry_waves
D:6:      layout_basic, nicolae_hepliaklqana_monster_ancestors
D:7:      layout_basic, mainiacjoe_overflow_surrounded_room, st_stairs_8,
          david_defended_altar_orc
D:8:      layout_rooms
D:9:      minmay_klotski, layout_long_grid, kennysheep_mini
D:10:     nzn_motion_control, layout_loops_ring,
          chequers_temple_overflow_statue_of_worship,
          nicolae_qazlal_general_emergency, serial_shops, shop_scrolls,
          minmay_misc_feat_room, uniq_harold
D:11:     layout_loops_corners, dpeg_lair_monsters
D:12:     layout_roguey, erik_orc_4, nicolae_shop_vocational
D:13:     layout_gridville, minmay_sticks_and_stones
D:14:     layout_small_grid, david_vaults_1,
          nicolae_concentric_dashed_squares_mild, serial_shops,
          nicolae_shop_behind_doors
D:15:     grunt_enter_depths_giant_problem, layout_basic, minmay_puff,
          uniq_nessos
Temple:   minmay_freezing_vapour_temple
Lair:1:   layout_regular_city
Lair:2:   layout_concentric_octagons, hangedman_tree_tricks, grunt_megastairs_4,
          infiniplex_staircase_pool_2
Lair:3:   layout_gridlike, minmay_shoals_entry_hut, dummy_snake_entry,
          portal_ice_cave_rime, lemuel_fruit_fields
Lair:4:   hellmonk_destroyed_diamonds, layout_regular_city, minivault_24,
          infiniplex_staircase_pool
Lair:5:   hangedman_lair_in_review, layout_regular_city, slime_entry_1,
          gauntlet_entry_generic, serial_bayou_shore_b, lemuel_fruit_fields
Shoals:1: layout_shoals, nicolae_shoals_water_shrine
Shoals:2: layout_shoals, uniq_ilsuiw
Shoals:3: layout_shoals, serial_shops, shop, nicolae_shop_gadgets
Shoals:4: shoals_end_simple, layout_shoals, ldierk_geyser
Snake:1:  layout_onion, serial_shops, nicolae_shop_advertising_works
          [nicolae_subvault_shop_adworks], nicolae_take_the_stairs,
          nicolae_snake_guarding_the_ruins, grunt_megastairs_5
Snake:2:  layout_onion, uniq_donald
Snake:3:  layout_cave_town, nicolae_coiled_stairwell_up, minmay_shop_grove,
          serial_bayou_shore_b, uniq_aizul
Snake:4:  snake_pit, layout_layer_cave, serial_shops,
          nicolae_shop_bloodbath_and_beyond, nicolae_triple_integral
Slime:1:  layout_caves
Slime:2:  layout_caves, basic_altar
Slime:3:  layout_caves, basic_altar, nicolae_slime_welcoming_committee
Slime:4:  layout_caves
Slime:5
Orc:1:    layout_diamond_mine, uniq_urug
Orc:2:    grunt_orc_community_town_hall, layout_caves,
          grunt_orc_community_big_house_2, grunt_orc_community_big_house_2,
          grunt_orc_community_house_2, grunt_orc_community_house_2,
          grunt_orc_community_house_1, grunt_orc_community_house_2,
          grunt_orc_community_house_2, grunt_orc_community_house_3,
          serial_shops, nicolae_shop_overgrown_old_shop
Elf:1:    nicolae_elf_arrival_fired_up, layout_geoelf_octagon, serial_shops,
          shop, nicolae_shop_behind_doors, shop, nicolae_lakefront_shop, shop
Elf:2:    nicolae_elf_blades_crystal_corner, layout_loops_corners,
          small_chamber_with_monster
Elf:3:    elf_hall, layout_loops_cross, serial_shops, nicolae_shop_waterfront,
          basic_altar, hellmonk_bongcloud_opening
Vaults:1: grunt_vaults_funnel, v_rooms_4, hangedman_vaults_corner,
          hangedman_vaults_stretched_pinwheel, nicolae_vaults_rhombus_6,
          nicolae_vaults_little_squares_5, vaults_room_pools,
          ontoclasm_vaults_eye, ontoclasm_vaults_loading_screen,
          ontoclasm_vaults_chip, special_room_vaults [special_room_orc],
          nicolae_vaults_mini_display_case, layout_vaults_omnigrid,
          serial_shops, shop_coins, uniq_saint_roka
Vaults:2: nicolae_vaults_diagonal_hallway_7, hangedman_vaults_nodes,
          nicolae_vaults_puzzle_piece, ontoclasm_vaults_twist,
          kennysheep_vaults_gozag_temple, vaults_standard_mumra_lines,
          v_pattern_3, vaults_dpeg_cross, nicolae_vaults_network_quinsquares
          [nicolae_vaults_network_quincunx_subvault,
          nicolae_vaults_network_quincunx_subvault,
          nicolae_vaults_network_quincunx_subvault,
          nicolae_vaults_network_quincunx_subvault], v_misc_15,
          hangedman_vaults_slice, vaults_room_hallway, vaults_room_semicircle,
          layout_vaults_ring, uniq_margery
Vaults:3: infiniplex_enter_wizlab_glasses, v_misc_9, v_misc_12,
          hangedman_vaults_corner_blocks, nicolae_vaults_little_ls,
          minmay_crypt_entry_simple_statues, nicolae_vaults_network_barrier,
          vaults_room_large_hall, ontoclasm_vaults_decontamination,
          ontoclasm_vaults_fault, layout_vaults_chaotic_city
Vaults:4: v_misc_15, vaults_standard_mumra_enter_the_diamond, v_misc_27,
          v_misc_30, nicolae_vaults_specimen_jars,
          vaults_room_grunt_arrival_ludios, nicolae_vaults_gold_heap, v_misc_24,
          v_rooms_6, v_pattern_1, grunt_vaults_bifocal,
          nicolae_vaults_circle_grid_a, v_misc_14, vaults_dpeg_ring,
          grunt_vaults_focal, layout_vaults_maze_bifur, uniq_zenata
Vaults:5: uniq_boris
Depths:1: layout_cave_shapes, serial_bayou_pond_b, hangedman_geh_valley,
          minmay_misc_feat_enclosed, st_stairs_1, minmay_misc_feat_rugged,
          nicolae_elyvilon_temple_path
Depths:2: hourglass_vault, layout_gridlike, abyss_entry_flame_altar, pan_entry,
          serial_shops, nicolae_shop_crystal, hangedman_coc_ice_floe,
          eino_tiny_chamber, infiniplex_staircase_trident
Depths:3: hangedman_arch_fort, layout_gridlike, enter_ziggurat_f,
          chequers_jeans, grunt_hell_entry_dis_grunt, minmay_room_of_horrors,
          uniq_mennas
Depths:4: grunt_zot_entry_tricorne, layout_cave_shapes, grunt_pan_entry_zigzag,
          hell_entry, grunt_ministairs_13
Hell
Abyss:4:  base: Depths:3, hangedman_abyss_or_decor_stabs, hangedman_abyss_town,
          base: D:12, hangedman_abyss_lost_library, spicy_pingpong_abyss_rune,
          spicy_pingpong_abyss_rune

Skill      XL: |  1  2  3  4  5  6  7  8  9 10 11 12 13 14 15 16 17 18 19 20 21 22 23 24 25 26 27 |
---------------+----------------------------------------------------------------------------------+-----
Dodging        | 4 5 6 7 8 10 11 13 14 15 16 17 18 19 | 19.3
Short Blades   | 3 4 6 9 10 | 10.0
Fighting       | 4 5 7 8 9 11 12 13 14 15 16 17 18 | 18.0
Hexes          | 1 4 6 |  6.8
Ice Magic      | 1 4 6 |  6.9
Spellcasting   | 1 3 6 8 9 10 12 14 | 14.0
Transmutations | 7 13 16 17 | 17.0
Air Magic      | 11 14 16 18 20 22 24 | 24.0
Unarmed Combat | 6 11 14 16 18 19 20 | 20.0
Conjurations   | 18 | 18.0
Stealth        | |  6.6

Action                   |  1- 3 |  4- 6 |  7- 9 | 10-12 | 13-15 | 16-18 | 19-21 | 22-24 | 25-27 || total
-------------------------+-------+-------+-------+-------+-------+-------+-------+-------+-------++-------
Melee: Short sword       |    12 |   107 |   233 |       |       |       |       |       |       ||   352
       Constrict         |     2 |    17 |    72 |    44 |   179 |    39 |     1 |       |     1 ||   355
       Tentacles         |     1 |    28 |    98 |   205 |   519 |    79 |     1 |     1 |       ||   932
       Punch             |       |     2 |     5 |    13 |    32 |    76 |   115 |   147 |   191 ||   581
       Dagger            |       |       |   100 |   601 |   568 |       |       |       |       ||  1269
       Rapier            |       |       |       |       |   951 |   228 |     2 |       |       ||  1181
       Kick              |       |       |       |       |    80 |   106 |       |       |     1 ||   187
       Unarmed           |       |       |       |       |       |   713 |   783 |   901 |  1183 ||  3580
Throw: Dart              |       |       |       |     8 |    16 |       |       |       |       ||    24
 Cast: Ensorcelled Hiber |       |       |     4 |    31 |    31 |       |       |       |       ||    66
       Storm Form        |       |       |       |       |     1 |    57 |    57 |    55 |    79 ||   249
       Vhi's Electric Ch |       |       |       |       |       |    19 |     4 |       |    59 ||    82
       Irradiate         |       |       |       |       |       |       |       |     2 |    12 ||    14
       Maxwell's Capacit |       |       |       |       |       |       |       |       |     3 ||     3
Invok: Lunge             |       |    16 |    37 |    58 |   100 |   102 |    95 |   101 |   144 ||   653
       Whirlwind         |       |       |     7 |    30 |    80 |   147 |   132 |   186 |   192 ||   774
       Serpent's Lash    |       |       |       |    13 |    35 |    19 |     6 |    12 |    24 ||   109
       Heavenly Storm    |       |       |       |       |       |     1 |     2 |     2 |       ||     5
 Abil: End Transformatio |       |       |       |       |     1 |     1 |       |       |     1 ||     3
       Blinkbolt         |       |       |       |       |       |       |       |     1 |       ||     1
Evoke: Wand              |       |       |       |     2 |     5 |     2 |       |       |     2 ||    11
       Lightning rod     |       |       |       |       |       |     2 |       |       |       ||     2
  Use: Scroll            |     1 |     1 |    12 |     7 |    15 |     8 |     5 |     2 |     5 ||    56
       Potion            |       |     2 |     7 |     2 |     7 |       |    17 |     3 |    27 ||    65
 Stab: Sleeping          |     1 |    20 |    27 |    46 |    33 |    20 |     8 |     7 |     1 ||   163
       Distracted        |       |       |     2 |     1 |    11 |     4 |     3 |     3 |     6 ||    30
       Paralysed         |       |       |       |     1 |       |       |       |       |       ||     1
       Invisible         |       |       |       |       |     2 |       |       |       |    13 ||    15
       Petrifying        |       |       |       |       |     1 |       |       |       |       ||     1
Armor: Skin              |       |     4 |    25 |    18 |   198 |   202 |    83 |    54 |   105 ||   689
Dodge: Dodged            |     9 |    52 |   252 |   304 |  1088 |   984 |   653 |   625 |  1058 ||  5025
Block: Other             |       |       |       |    65 |    37 |       |       |       |       ||   102
       Reflection        |       |       |       |     1 |       |       |       |       |       ||     1

Table legend: (Time is in decaauts)
 A = Elapsed time spent in this place.
 B = Non-inter-level travel time spent in this place.
 C = Inter-level travel time spent in this place.
 D = Time resting spent in this place.
 E = Time spent auto-exploring this place.
 F = Levels seen in this place.
 G = Mean time per level.
                   A        B        C        D        E       F      G
               +--------+--------+--------+--------+--------+-----+--------+
         Total |  52652 |  48776 |   3876 |   7897 |  27309 |  76 |  692.8 |
       Dungeon |  15118 |  13654 |   1464 |   1865 |   8809 |  15 | 1007.9 |
        Temple |    286 |    286 |      0 |    242 |      0 |   1 |  286.0 |
          Lair |   5891 |   5283 |    608 |    798 |   3128 |   5 | 1178.2 |
        Shoals |   2742 |   2625 |    117 |    512 |   1368 |   4 |  685.5 |
     Snake Pit |   4181 |   3938 |    243 |    253 |   2710 |   4 | 1045.2 |
    Slime Pits |   1461 |   1406 |     55 |    618 |    303 |   5 |  292.2 |
  Orcish Mines |   1816 |   1452 |    364 |    209 |    623 |   2 |  908.0 |
   Elven Halls |   2694 |   2581 |    113 |    143 |   1702 |   3 |  898.0 |
        Vaults |   5879 |   5544 |    335 |    317 |   4107 |   5 | 1175.8 |
        Depths |   4319 |   3773 |    546 |    516 |   2545 |   4 | 1079.8 |
          Hell |    485 |    457 |     28 |     21 |    286 |   1 |  485.0 |
         Abyss |    747 |    747 |      0 |      9 |    314 |   5 |  149.4 |
   Pandemonium |   5844 |   5844 |      0 |   2204 |   1025 |  18 |  324.7 |
         Sewer |     74 |     74 |      0 |      0 |     21 |   1 |   74.0 |
      Ice Cave |     43 |     43 |      0 |      0 |      0 |   1 |   43.0 |
        Wizlab |    629 |    629 |      0 |      0 |    230 |   1 |  629.0 |
      Gauntlet |    436 |    436 |      0 |    189 |    136 |   1 |  436.0 |
               +--------+--------+--------+--------+--------+-----+--------+

Top non-repeatable levels by time:
     D:7: 2140 daAuts
    D:11: 1495 daAuts
   Orc:2: 1427 daAuts
  Lair:5: 1411 daAuts
  Lair:3: 1292 daAuts
Depths:2: 1290 daAuts
Vaults:1: 1253 daAuts
Vaults:3: 1244 daAuts
 Snake:4: 1238 daAuts
Vaults:2: 1195 daAuts
    D:15: 1168 daAuts
Vaults:5: 1154 daAuts
    D:14: 1142 daAuts
  Lair:2: 1135 daAuts
Depths:3: 1102 daAuts
